Cogmind - Beta 14 @@@ ROGUE MODE // 2024.09.04 @ 12:36:20 Player: Zaros426 Result: Destroyed by G-50 Soldier with Heavy Laser Performance ------------- Evolutions (5) 2500 Regions Visited (16) 3200 Robots Destroyed (364) 1820 Value Destroyed (15238) 15238 Prototype IDs (48) 960 Alien Tech Used (0) 0 Bonus (6798) 6798 TOTAL SCORE: 30516 Bonus ------- Triggered High Security 500 High Alert Combat Kills 3413 Follower Combat Kills 1910 Network Hubs Disabled 200 Aligned with FarCom 300 Met R17 at Cetus 500 Friendly Fire -25 Cogmind --------- Core Integrity 0/1000 Matter 15/300 Energy 3/100 System Corruption 18% Temperature Cool (27) Movement Walking (140) Location -5/Factory Parts ------- > --- POWER (1) -------- (None) > --- PROPULSION (4) --- Medium Armored Exoskeleton > --- UTILITY (7) ------ (None) > --- WEAPON (5) ------- (None) > --- INVENTORY (5) ---- Heavy Treads Peak State ------------ > --- POWER ------------ Quantum Reactor > --- PROPULSION ------- Centrium Heavy Treads Centrium Heavy Treads > --- UTILITY ---------- Huge Storage Unit 0b10 Alert Chip Core Analyzer Armor Integrity Analyzer Centrium Medium Armor Plating Centrium Medium Armor Plating > --- WEAPON ----------- Advanced KE Penetrator Advanced KE Penetrator Advanced KE Penetrator Field Lobotomy Kit > --- INVENTORY -------- Quantum Reactor Quantum Reactor Centrium Heavy Treads Centrium Heavy Treads Centrium Heavy Treads Enhanced Optical Array Centrium Medium Armor Plating Tech Extrapolator Improved System Restoration Module Advanced Variable Charge Gun XL Autogun Subcomponent XL Autogun Subcomponent XL Autogun Subcomponent Advanced KE Penetrator Antimatter Cannon CPS Tube CPS Tube CPS Tube CPS Tube CPS Tube Heavy Mace [Rating: 127] Favorites ----------- Power Reinforced Ion Engine Engine Reinforced Ion Engine Power Core Fission Core Reactor Quantum Reactor Propulsion Light Treads Treads Light Treads Leg Flexi-carbon Leg Wheel Wheel Hover Unit Combat Linear Gravjet Flight Unit Nuclear Pulse Array Utility High-capacity Storage Unit Device Cooling System Storage High-capacity Storage Unit Processor Core Analyzer Hackware Makeshift Hacking Suite Protection Centrium Medium Armor Plating Weapon Heavy Assault Rifle Energy Gun Tesla Rifle Energy Cannon Light EM Pulse Cannon Ballistic Gun Heavy Assault Rifle Ballistic Cannon Mass Driver Launcher Heavy Rocket Launcher Special Weapon CPS Tube Impact Weapon Heavy Mace Special Melee Weapon Improved Datajack Build | -11 -10 -10 -10 -9 -8 -8 -8 -8 -6 -6 -6 -6 -6 -5 -5 -5 ------- Run | Yrd Mat Min Exi Min Mat Sto Rec Scr Fac Ext Cet Arc Hub Fac Was Fac Slots Evolved 10 | . . . . . 4 . . . 4 . . . . 2 . . Power . | . . . . . . . . . . . . . . . . . Propulsion 2 | . . . . . 1 . . . 1 . . . . . . . Utility 5 | . . . . . 1 . . . 3 . . . . 1 . . Weapon 3 | . . . . . 2 . . . . . . . . 1 . . Parts Attached 315 | 7 11 6 3 1 8 7 . 24 29 35 21 2 17 58 10 76 Power 23 | 1 2 . 1 1 . . . 3 2 2 1 . 1 2 1 6 Engine 12 | 1 2 . 1 1 . . . 3 2 2 . . . . . . Core 5 | . . . . . . . . . . . . . . 1 . 4 Reactor 6 | . . . . . . . . . . . 1 . 1 1 1 2 Propulsion 46 | 2 1 2 2 . 1 1 . 8 7 8 2 . . 2 5 5 Treads 40 | 2 1 2 2 . 1 1 . 8 6 7 2 . . 2 2 4 Leg 2 | . . . . . . . . . . 1 . . . . . 1 Wheel 1 | . . . . . . . . . 1 . . . . . . . Hover 1 | . . . . . . . . . . . . . . . 1 . Flight 2 | . . . . . . . . . . . . . . . 2 . Utility 118 | 2 4 1 . . 5 2 . 4 8 8 5 2 2 37 2 36 Device 66 | 1 . 1 . . 1 2 . 1 2 . 2 1 . 27 1 27 Storage 8 | 1 1 . . . 1 . . . . 2 1 . . . . 2 Processor 17 | . 3 . . . 1 . . . 4 3 . 1 . 3 . 2 Hackware 4 | . . . . . . . . . . 2 . . . 1 1 . Protection 23 | . . . . . 2 . . 3 2 1 2 . 2 6 . 5 Artifact . | . . . . . . . . . . . . . . . . . Weapon 128 | 2 4 3 . . 2 4 . 9 12 17 13 . 14 17 2 29 Energy Gun 8 | 2 . . . . . . . . . . 2 . . 2 . 2 Energy Cannon 11 | . 4 2 . . . . . . . . . . . 3 1 1 Ballistic Gun 59 | . . . . . 2 3 . 6 8 11 7 . 7 7 . 8 Ballistic Cannon 19 | . . . . . . . . . . . . . 2 4 . 13 Launcher 5 | . . . . . . 1 . . . . . . . . . 4 Special Weapon 14 | . . 1 . . . . . 2 1 3 4 . 1 . 1 1 Impact Weapon 11 | . . . . . . . . . 3 3 . . 4 1 . . Slashing Weapon . | . . . . . . . . . . . . . . . . . Piercing Weapon . | . . . . . . . . . . . . . . . . . Special Melee Weapon 1 | . . . . . . . . 1 . . . . . . . . Unidentified Prototypes 14 | . . . . . . 1 . . 1 . 4 . 1 1 . 6 Parts Lost 50 | . 3 1 . . . . . 4 . 2 5 . 8 6 5 16 Power 5 | . 2 . . . . . . . . . . . 2 . . 1 Propulsion 10 | . . . . . . . . 1 . 2 3 . . 1 1 2 Utility 15 | . . . . . . . . 3 . . . . 2 2 1 7 Weapon 20 | . 1 1 . . . . . . . . 2 . 4 3 3 6 Highest Loss Streak 6 | . 1 1 . . . . . 2 . 1 5 . 5 4 5 6 To Critical Strikes 1 | . . . . . . . . . . . . . . . 1 . Average Slot Usage (%) 93 | . 98 100 100 100 99 99 100 99 85 99 85 86 85 86 63 84 Engine 6 | . 13 14 14 14 9 9 9 9 6 5 1 . . . . . Reactor 1 | . . . . . . . . . . . 4 6 5 2 . 2 Treads 21 | . 28 28 28 28 27 27 27 26 24 24 13 13 13 11 7 10 Device 8 | . . 5 14 14 9 13 18 17 5 . 2 4 5 4 4 11 Storage 7 | . 14 14 14 14 9 9 9 9 6 6 8 6 6 5 2 1 Processor 12 | . 13 8 . . . . . . 19 21 21 22 20 21 17 15 Hackware 1 | . . . . . . . . . . 9 . . . . 6 7 Protection 2 | . . . . . 8 4 . . 4 . 5 6 6 5 1 . Energy Cannon 6 | . 23 26 28 28 18 16 . . . . . . . 5 1 . Ballistic Gun 17 | . . . . . 17 19 36 33 15 25 22 26 25 5 4 12 Ballistic Cannon 2 | . . . . . . . . . . . . . . 9 4 11 Peak Build Rating 127 | 7 11 12 16 17 26 29 29 66 88 76 121 122 127 125 119 126 Average Rating 62 | 5 9 11 14 16 25 27 29 31 77 71 103 121 120 118 81 107 On Entrance 50 | . 7 11 12 16 17 26 29 29 66 73 74 121 121 65 112 72 Naked Turns 2 | . . . . . . . . . . . . . . . . 2 Heaviest Build 166 | 15 33 35 35 40 74 74 69 73 74 117 166 133 140 148 142 78 Greatest Support 160 | 40 40 40 40 40 60 60 60 71 100 120 160 160 160 160 160 160 Greatest Overweight (x) 24 | . 1 . . . 1 1 1 1 24 1 2 . 1 . 1 . Average Overweight (x) . | . . . . . . 1 1 . . . . . . . . . Largest Inventory Capacity 25 | 8 15 15 15 15 20 20 20 20 20 25 25 25 25 25 25 15 Average Capacity 18 | 7 10 15 15 15 16 20 20 20 20 20 23 25 25 25 13 7 Most Carried 25 | 5 15 15 15 15 17 20 20 20 20 22 25 25 25 25 24 14 Average Carried 17 | 2 9 14 14 14 15 19 19 19 19 19 21 24 24 22 12 5 Final Capacity 25 | 8 15 15 15 15 20 20 20 20 20 20 25 25 25 25 5 5 Final Carried 25 | 5 14 14 15 15 17 20 20 20 20 20 25 25 20 23 4 2 Class Distribution -------------------- 29% | Scavenger-Gunner 19% | Mutant 13% | Skirmisher 13% | Tank 9% | Scavenger-Tank 4% | Hacker-Gunner 4% | Gunner 3% | Scavenger-Skirmisher Dominant Class ---------------- Mutant | -10/Materials Mutant | -10/Mines Mutant | -10/Exiles Mutant | -9/Mines Skirmisher | -8/Materials Skirmisher | -8/Storage Skirmisher | -8/Recycling Tank | -8/Scraptown Scavenger-Gunner | -6/Factory Scavenger-Gunner | -6/Extension Scavenger-Gunner | -6/Cetus Scavenger-Gunner | -6/Archives Scavenger-Gunner | -6/Hub_04(d) Scavenger-Tank | -5/Factory Mutant | -5/Waste Hacker-Gunner | -5/Factory Resources | -11 -10 -10 -10 -9 -8 -8 -8 -8 -6 -6 -6 -6 -6 -5 -5 -5 ----------- Run | Yrd Mat Min Exi Min Mat Sto Rec Scr Fac Ext Cet Arc Hub Fac Was Fac Matter Collected 12084 | 270 105 60 . 40 136 177 46 1103 1394 1355 339 220 1046 2386 14 3393 Remotely 3597 | . . . . . . . . . . . . . . 1108 . 2489 Salvage Created 17156 | 120 633 432 . 44 292 363 120 1375 2256 1776 263 310 3205 2237 . 3730 Parts 834 | 9 40 29 . 3 18 22 4 67 113 67 19 15 156 103 . 169 Haulers Intercepted 12 | . 2 . . . . 1 . . 1 . . . 4 2 . 2 Recyclers Shooed 10 | 1 . . . . . 1 . . 7 . . . . . . 1 Parts Field Recycled . | . . . . . . . . . . . . . . . . . Retrieved Matter . | . . . . . . . . . . . . . . . . . Parts Self-Destructed . | . . . . . . . . . . . . . . . . . Prevented . | . . . . . . . . . . . . . . . . . Kills | -11 -10 -10 -10 -9 -8 -8 -8 -8 -6 -6 -6 -6 -6 -5 -5 -5 ------- Run | Yrd Mat Min Exi Min Mat Sto Rec Scr Fac Ext Cet Arc Hub Fac Was Fac Combat Hostiles Destroyed 269 | . 13 10 . 3 4 5 2 24 30 21 4 3 36 42 . 72 Guns 169 | . . . . . 1 4 2 24 30 21 4 3 35 14 . 31 Cannons 78 | . 10 10 . 2 3 1 . . . . . . . 26 . 26 AOE 18 | . 2 . . 1 . . . . . . . . . . . 15 Classes Destroyed 25 | 2 5 2 . . 2 1 . 5 1 2 . . 1 1 . 3 Worker 20 | . . 1 . . 1 1 . 1 1 . . . 5 4 . 6 Builder 17 | . . . . . 1 . . . 1 . . . 4 4 . 7 Tunneler 5 | 2 . 1 . . . . . . 1 . . . 1 . . . Hauler 12 | . 2 . . . . 1 . . 1 . . . 4 2 . 2 Recycler 15 | 1 . 1 . . . 1 . . 3 4 . . 2 1 . 2 Mechanic 4 | . . . . . . . . . . . . . . . . 4 Operator 6 | . 2 . . . . . . . 2 . . 2 . . . . Watcher 27 | . 3 . . . 1 . . . 3 2 1 . 4 7 . 6 Swarmer 35 | . 6 3 . 3 . . . . 3 . . . . 5 . 15 Grunt 126 | . 7 5 . . 1 4 . . 18 11 . . 24 23 . 33 Brawler 4 | . . . . . . . . . . . . . . 2 . 2 Duelist 8 | . . . . . . . . . . 1 . . 2 . . 5 Protector 3 | . . . . . . . . . . . . . 1 1 . 1 Sentry 22 | . . . . . 3 . 2 . 3 3 . 3 7 1 . . Demolisher 2 | . . . . . . . . . . . . . . . . 2 Specialist 3 | . . . . . . . . . . 1 . . . . . 2 Hunter 13 | . . . . . . 1 . . . 4 . . 1 5 . 2 Programmer 22 | . . . . . . . . . 6 1 . . 1 5 . 9 Behemoth 1 | . . . . . . . . . . . . . . . . 1 Cetus Guard 4 | . . . . . . . . . . . 4 . . . . . Federalist 1 | . . . . . . . . 1 . . . . . . . . Explorer 5 | . . . . . . . . 5 . . . . . . . . Guru 4 | . . . . . . . . 4 . . . . . . . . Scrapper 8 | . . . . . . . . 8 . . . . . . . . Elite 5 | . . . . . . . . 5 . . . . . . . . Assembled 2 | . . 2 . . . . . . . . . . . . . . Thug 1 | . . . . . . . . 1 . . . . . . . . Best Kill Streak 17 | 3 8 3 . 3 2 2 1 9 6 6 4 2 8 8 . 17 Combat Bots Only 15 | . 8 3 . 3 2 2 1 9 5 5 4 2 8 5 . 15 Max Kills in Single Turn 8 | 2 1 2 . 1 2 2 1 2 2 2 1 2 3 3 . 8 Gunslinging 1 | . . . . . . . . 1 . . . . 1 . . . Exploded 6 | . 1 . . 1 . . . . . . . . . . . 6 Melee . | . . . . . . . . . . . . . . . . . Uniques/NPCs Destroyed . | . . . . . . . . . . . . . . . . . Combat | -11 -10 -10 -10 -9 -8 -8 -8 -8 -6 -6 -6 -6 -6 -5 -5 -5 -------- Run | Yrd Mat Min Exi Min Mat Sto Rec Scr Fac Ext Cet Arc Hub Fac Was Fac Hostile Shots Fired 1469 | . 51 29 . 13 3 14 . 188 120 78 54 16 212 223 6 462 Missed 386 | . 14 5 . 5 1 4 . 61 39 20 17 5 52 47 . 116 Damage Taken 19577 | . 407 221 . 56 42 111 . 1765 1253 1272 1051 257 3292 3042 255 6553 Core 2166 | . 52 27 . 15 . 24 . 200 131 276 82 27 323 205 52 752 Absorbed by Shields 1750 | . . . . . . 36 . 138 . 45 . . . 362 17 1152 Reduced by Siege Mode 858 | . . . . . . . . . . . . 13 81 276 . 488 Ignored by Resistances 8 | . . . . . . . . . 8 . . . . . . . Regen/Repaired (Parts) 516 | . . . . . . . . . . . . . . 424 . 92 Core Remaining (%) 55 | 100 . . . 62 . . . 59 . . . . 1 . . . Volleys Fired 722 | 6 31 29 . 4 13 24 2 66 84 86 15 15 65 134 6 142 Largest 5 | 2 2 2 . 2 4 4 4 4 4 4 4 4 4 5 4 5 Hottest 341 | 80 112 156 . 112 158 158 94 115 80 105 105 140 140 341 177 288 Shots Fired 2137 | 12 59 48 . 8 52 55 8 166 209 307 51 45 247 376 18 476 Gun 1534 | 12 8 . . . 26 35 8 164 208 295 48 45 245 166 9 265 Cannon 560 | . 51 39 . 8 26 20 . . . . . . . 210 8 198 Launcher 13 | . . . . . . . . . . . . . . . . 13 Special 30 | . . 9 . . . . . 2 1 12 3 . 2 . 1 . Kinetic 1874 | . . . . . 26 35 8 164 208 295 48 45 245 325 17 458 Thermal 24 | . . 9 . . . . . . . . . . . 10 . 5 Explosive 13 | . . . . . . . . . . . . . . . . 13 Electromagnetic 205 | 12 59 39 . 8 26 20 . . . . . . . 41 . . Robot Hit Streak 24 | 2 14 15 . 11 14 6 6 11 11 17 9 11 24 19 8 15 Robot Miss Streak 8 | 2 2 4 . 2 4 3 1 6 8 6 2 2 4 3 1 5 Penetration Max 1 | . . . . . . . . . . . . 1 1 1 . 1 Secondary Targets 28 | . . . . . . . . 4 5 5 3 1 6 . . 4 Max Gunslinging Chain 2 | . . . . . . . . 1 1 1 1 1 2 . . 1 Capacitor 12 | . . . . . . . . . . . . . . 12 . . Shots Hit Robots 1320 | 5 42 19 . 3 29 24 6 116 140 200 39 32 152 235 14 264 Core Hits 731 | 4 21 14 . 3 13 13 4 56 91 77 21 12 94 113 2 193 Critical Kills 35 | . . . . . . 1 . . . . . 2 25 3 . 4 Critical Parts Destroyed 33 | . . . . . . . . 1 . . 1 3 18 1 . 9 Critical Strikes 97 | . . . . . . 1 . 2 . . 1 5 43 19 1 25 Meltdown 1 | . . . . . . . . . . . . . . 1 . . Destroy 69 | . . . . . . 1 . 2 . . 1 5 43 3 1 13 Blast 26 | . . . . . . . . . . . . . . 14 . 12 Corrupt 1 | . . . . . . . . . . . . . . 1 . . Melee Attacks 20 | . . . . . . . . 1 5 8 . . 4 2 . . Impact 19 | . . . . . . . . . 5 8 . . 4 2 . . Slashing . | . . . . . . . . . . . . . . . . . Piercing . | . . . . . . . . . . . . . . . . . Sneak Attacks 2 | . . . . . . . . 1 1 . . . . . . . Combat Hostiles . | . . . . . . . . . . . . . . . . . Follow-up Attacks . | . . . . . . . . . . . . . . . . . Damage Inflicted 41349 | 113 1046 441 . 114 771 464 98 2961 5137 3748 770 984 5155 7222 371 11954 Guns 26430 | 80 99 . . . 155 324 98 2961 5018 3748 770 984 4865 2723 208 4397 Cannons 10841 | . 831 441 . 57 537 140 . . . . . . . 4401 163 4271 Explosions 3959 | 33 116 . . 57 79 . . . . . . . 290 98 . 3286 Melee 119 | . . . . . . . . . 119 . . . . . . . Ramming . | . . . . . . . . . . . . . . . . . Kinetic 34004 | . . . . . 155 324 98 2961 5018 3748 770 984 4865 6197 371 8513 Thermal 1836 | 33 116 . . 57 79 . . . . . . . . 197 . 1354 Explosive 2087 | . . . . . . . . . . . . . . . . 2087 Electromagnetic 3303 | 80 930 441 . 57 537 140 . . . . . . 290 828 . . Impact 119 | . . . . . . . . . 119 . . . . . . . Slashing . | . . . . . . . . . . . . . . . . . Piercing . | . . . . . . . . . . . . . . . . . Highest Corruption 23 | . . . . . . . . 3 . . . . 23 3 3 18 Average Corruption 4 | . . . . . . . . 2 . . . . 3 2 2 5 Corruption Purged 7 | . . . . . . . . . . . . . . . 3 4 Corruption Blocked . | . . . . . . . . . . . . . . . . . Effects 99 | . . . . . . . . 4 . . . . 10 27 4 54 Message Errors 18 | . . . . . . . . . . . . . . 6 . 12 Matter Fused 13 | . . . . . . . . 1 . . . . 1 6 . 5 Heat Flow Errors 9 | . . . . . . . . 1 . . . . . 5 . 3 Energy Discharges 16 | . . . . . . . . 1 . . . . 1 4 2 8 Parts Rejected 4 | . . . . . . . . . . . . . 2 . 1 1 Data Loss (minor) 14 | . . . . . . . . . . . . . 2 2 . 10 Data Loss (major) 8 | . . . . . . . . . . . . . 1 1 . 6 Misfires 8 | . . . . . . . . 1 . . . . 2 . . 5 Misdirections 1 | . . . . . . . . . . . . . 1 . . . Weapon Failures 8 | . . . . . . . . . . . . . . 3 1 4 Overload Shots . | . . . . . . . . . . . . . . . . . Overflow Damage 450 | . 17 17 . . 8 . . . 36 . . . 7 149 . 216 Projectiles 371 | . 17 17 . . 8 . . . . . . . . 149 . 180 Explosions 43 | . . . . . . . . . . . . . 7 . . 36 Melee 36 | . . . . . . . . . 36 . . . . . . . Knockbacks 69 | . . . . . . . . . 1 . . . . 33 . 35 Impact 1 | . . . . . . . . . 1 . . . . . . . Kinetic 61 | . . . . . . . . . . . . . . 31 . 30 Secondary 7 | . . . . . . . . . . . . . . 2 . 5 Self-Inflicted Damage 171 | . . . . . . . . . . . . . 105 29 . 37 Shots 3 | . . . . . . . . . . . . . 1 1 . 1 Rammed . | . . . . . . . . . . . . . . . . . Targets Rammed . | . . . . . . . . . . . . . . . . . Kicked . | . . . . . . . . . . . . . . . . . Crushed . | . . . . . . . . . . . . . . . . . Highest Temperature 645 | 108 186 242 . . 87 39 . 228 270 270 263 . 15 378 174 645 Average Temperature 101 | 55 47 78 . . 30 21 . 89 87 93 114 . 5 104 86 146 Received Heat Transfer 4702 | . 78 346 . . 18 65 . 339 382 240 144 18 588 877 . 1607 Effects 23 | . . . . . . . . . . 1 1 . . 1 . 20 Shutdowns 1 | . . . . . . . . . . . . . . 1 . . Energy Bleed 2 | . . . . . . . . . . 1 . . . . . 1 Interference 15 | . . . . . . . . . . . 1 . . . . 14 Matter Decay 1 | . . . . . . . . . . . . . . . . 1 Short Circuit 1 | . . . . . . . . . . . . . . . . 1 Damage (minor) 1 | . . . . . . . . . . . . . . . . 1 Damage (major) 1 | . . . . . . . . . . . . . . . . 1 Damage (core) 1 | . . . . . . . . . . . . . . . . 1 Siege Activations 51 | . . . . . . . . . . . . 2 12 19 . 18 Total Turns 828 | . . . . . . . . . . . . 18 190 337 . 283 Longest Duration 46 | . . . . . . . . . . . . 11 46 42 . 36 Robots Corrupted 4 | . 1 . . . . . . . . . . . 1 2 . . Combat Hostiles 3 | . 1 . . . . . . . . . . . 1 1 . . Parts Fried 18 | . 3 1 . . 2 1 . . . . . . 2 8 . 1 Impact Corruptions 1 | . . . . . . . . . 1 . . . . . . . Robots Melted 1 | . . . . . . . . . . . . . . 1 . . Combat Hostiles 1 | . . . . . . . . . . . . . . 1 . . Parts Melted 11 | . . . . . . . . 9 . . . . . 1 . 1 Heat Transferred 1687 | 100 50 . . 50 50 . . . . . . . . 287 . 1150 Parts Sabotaged 1 | . . . . . . . . . . . . . . . . 1 Parts Stolen . | . . . . . . . . . . . . . . . . . Parts Stripped . | . . . . . . . . . . . . . . . . . Power Chain Reactions 7 | 1 3 . . 1 2 . . . . . . . . . . . Alert | -11 -10 -10 -10 -9 -8 -8 -8 -8 -6 -6 -6 -6 -6 -5 -5 -5 ------- Run | Yrd Mat Min Exi Min Mat Sto Rec Scr Fac Ext Cet Arc Hub Fac Was Fac Peak Influence 2871 | 15 279 184 . 104 184 156 95 . 414 555 40 172 993 1082 380 2871 Initial 378 | . 9 74 . . 40 53 30 . . 202 12 12 60 366 378 233 Average 301 | 4 104 55 . 20 70 80 33 . 142 272 29 138 536 459 351 1037 Maximum Alert Level 5 | . 1 . . . . . . . 2 2 . . 3 3 1 5 Low Security (%) 54 | 100 78 100 . 100 100 100 100 . 68 28 100 100 6 8 . 5 Level 1 21 | . 21 . . . . . . . 28 44 . . 11 34 100 37 Level 2 15 | . . . . . . . . . 3 26 . . 64 47 . 4 Level 3 3 | . . . . . . . . . . . . . 17 8 . 10 Level 4 1 | . . . . . . . . . . . . . . . . 13 Level 5 1 | . . . . . . . . . . . . . . . . 13 High Security 1 | . . . . . . . . . . . . . . . . 15 Max Security . | . . . . . . . . . . . . . . . . . Squads Dispatched 78 | . 3 1 . . 2 4 . . 14 4 . . 12 13 . 25 Investigation 19 | . 2 1 . . 1 1 . . 2 3 . . 5 2 . 2 Extermination 14 | . . . . . . . . . 6 . . . 1 3 . 4 Reinforcement 15 | . 1 . . . . . . . 2 . . . 3 5 . 4 Assault 16 | . . . . . . . . . . 1 . . 2 1 . 12 Garrison 14 | . . . . . 1 3 . . 4 . . . 1 2 . 3 Intercept . | . . . . . . . . . . . . . . . . . Searches Triggered . | . . . . . . . . . . . . . . . . . Construction Impeded 1 | . . . . . . . . . . . . . . 1 . . Haulers Reinforced 5 | . . . . . . . . . . . . . 1 3 . 1 Active Scanning Responses . | . . . . . . . . . . . . . . . . . Cargo Convoy Interrupts 1 | . . . . . . . . . . . . . . . . 1 Stealth | -11 -10 -10 -10 -9 -8 -8 -8 -8 -6 -6 -6 -6 -6 -5 -5 -5 --------- Run | Yrd Mat Min Exi Min Mat Sto Rec Scr Fac Ext Cet Arc Hub Fac Was Fac Distress Signals 16 | . . . . . . . . 1 3 1 2 . 4 2 . 3 Communications Jammed . | . . . . . . . . . . . . . . . . . Distress Signals . | . . . . . . . . . . . . . . . . . Times Spotted 477 | . 20 11 . 4 11 8 . 45 41 35 9 10 68 64 6 145 Peak Tracking Total 18 | . 3 3 . 4 3 3 . 6 4 10 5 2 14 5 6 18 Tactical Retreats 34 | . 3 2 . . . . . . 1 3 . . 8 6 . 11 Traps | -11 -10 -10 -10 -9 -8 -8 -8 -8 -6 -6 -6 -6 -6 -5 -5 -5 ------- Run | Yrd Mat Min Exi Min Mat Sto Rec Scr Fac Ext Cet Arc Hub Fac Was Fac Traps Triggered 15 | . 4 . . . . . . . 1 2 . . 1 3 . 4 Indirectly . | . . . . . . . . . . . . . . . . . Trap Hack Attempts . | . . . . . . . . . . . . . . . . . Triggered . | . . . . . . . . . . . . . . . . . Disarmed 1 | . . . . . . . . . . 1 . . . . . . Reprogrammed 12 | . . . . . . 6 . . . . . . 6 . . . Reused 2 | . . . . . . 1 . . . . . . 1 . . . Traps Extracted . | . . . . . . . . . . . . . . . . . Installed . | . . . . . . . . . . . . . . . . . Triggered 6 | . . . . . 1 1 . . . . . . 1 . . 3 Machines | -11 -10 -10 -10 -9 -8 -8 -8 -8 -6 -6 -6 -6 -6 -5 -5 -5 ---------- Run | Yrd Mat Min Exi Min Mat Sto Rec Scr Fac Ext Cet Arc Hub Fac Was Fac Machines Disabled 84 | . 1 1 . . . 2 . 4 8 3 . 2 22 6 . 35 Max in Single Turn 9 | . 1 1 . . . 1 . 1 1 1 . 1 8 2 . 9 Garrison Access 5 | . . . . . . . . . 1 . . . 1 2 . 1 Network Hub 1 | . . . . . . . . . . . . . 1 . . . Machines Repaired . | . . . . . . . . . . . . . . . . . Machines Dismantled . | . . . . . . . . . . . . . . . . . Machines Sabotaged . | . . . . . . . . . . . . . . . . . Overloaded Fab Kills . | . . . . . . . . . . . . . . . . . Hacking | -11 -10 -10 -10 -9 -8 -8 -8 -8 -6 -6 -6 -6 -6 -5 -5 -5 --------- Run | Yrd Mat Min Exi Min Mat Sto Rec Scr Fac Ext Cet Arc Hub Fac Was Fac Machines Accessed 87 | . 6 1 2 . 6 4 14 2 13 9 1 . 12 9 . 8 Terminals 58 | . 5 . . . 5 4 6 . 9 9 1 . 11 4 . 4 Fabricators 5 | . . . . . . . . . 2 . . . . 1 . 2 Repair Stations 2 | . . . . . . . . . . . . . . 1 . 1 Recycling Units 8 | . 1 . . . . . 6 . 1 . . . . . . . Scanalyzers 3 | . . . . . 1 . . . . . . . . 1 . 1 Garrison Access 4 | . . . . . . . . . 1 . . . 1 2 . . Total Hacks 309 | . 16 1 24 . 31 7 54 13 29 27 2 . 42 32 . 31 Successful 193 | . 9 1 24 . 24 5 44 13 13 17 1 . 17 13 . 12 Failed 115 | . 7 . . . 7 2 10 . 16 10 1 . 24 19 . 19 Catastrophic 20 | . 1 . . . . 1 . . 4 1 . . 7 4 . 2 Database Lockouts 1 | . . . . . . . . . . . . . 1 . . . Manual 87 | . 12 . 1 . 17 2 23 . 7 1 1 1 12 6 . 4 Terminals 181 | . 15 . . . 22 7 23 . 21 27 2 . 37 17 . 10 Fabricators 14 | . . . . . . . . . 4 . . . . 4 . 6 Repair Stations 12 | . . . . . . . . . . . . . . 3 . 9 Recycling Units 11 | . 1 . . . . . 7 . 3 . . . . . . . Scanalyzers 19 | . . . . . 9 . . . . . . . . 4 . 6 Garrison Access 10 | . . . . . . . . . 1 . . . 5 4 . . Terminal Hacks 125 | . 3 1 24 . 5 5 30 13 8 17 1 . 15 3 . . Record 66 | . . . 23 . . . 24 13 . . . . 6 . . . Robot Analysis 7 | . 1 . . . . . 4 . 1 . . . 1 . . . Prototype ID Bank 4 | . . . . . . 1 1 . . . . . 1 1 . . Open Door 9 | . . 1 . . . 2 . . . 5 1 . . . . . Level Access Points 1 | . . . . . . . . . 1 . . . . . . . Branch Access Points 2 | . . . . . 1 . . . 1 . . . . . . . Alert Level 3 | . 1 . . . 1 . . . . 1 . . . . . . Unreport Threat 9 | . . . . . 2 . . . 1 3 . . 2 1 . . Locate Traps 7 | . 1 . . . . 1 . . 2 1 . . 1 1 . . Disarm Traps 2 | . . . . . . . . . . 2 . . . . . . Reprogram Traps 2 | . . . . . . 1 . . . . . . 1 . . . Dispatch Records 2 | . . . . . . . . . . 2 . . . . . . Maintenance Status 1 | . . . . . 1 . . . . . . . . . . . Surveillance Status 1 | . . . . . . . . . . 1 . . . . . . Reinforcement Status 1 | . . . . . . . . . . . . . 1 . . . Recall Investigation 1 | . . . . . . . . . . . . . 1 . . . Recall Reinforcements 1 | . . . . . . . . . 1 . . . . . . . Registered Components 1 | . . . . . . . . . . 1 . . . . . . Zone Layout 4 | . . . . . . . 1 . 1 1 . . 1 . . . Derelict Proto ID Bank 1 | . . . 1 . . . . . . . . . . . . . Fabricator Hacks 7 | . . . . . . . . . 3 . . . . 2 . 2 Network Status 4 | . . . . . . . . . 2 . . . . 1 . 1 Build 3 | . . . . . . . . . 1 . . . . 1 . 1 Repair Station Hacks 6 | . . . . . . . . . . . . . . 2 . 4 Scan Component 3 | . . . . . . . . . . . . . . 1 . 2 Repair 2 | . . . . . . . . . . . . . . 1 . 1 Refit 1 | . . . . . . . . . . . . . . . . 1 Recycling Unit Hacks . | . . . . . . . . . . . . . . . . . Scanalyzer 16 | . . . . . 9 . . . . . . . . 1 . 6 Insert Component 8 | . . . . . 4 . . . . . . . . 1 . 3 Analyze 8 | . . . . . 5 . . . . . . . . . . 3 Garrison Access Hacks 3 | . . . . . . . . . 1 . . . . 2 . . Seal Access 3 | . . . . . . . . . 1 . . . . 2 . . Unauthorized Hacks 36 | . 6 . . . 10 . 14 . 1 . . . 2 3 . . Terminals 29 | . 5 . . . 10 . 8 . 1 . . . 2 3 . . Track 6 | . . . . . 1 . 2 . 1 . . . . 2 . . Botnet 12 | . 1 . . . 5 . 3 . . . . . 2 1 . . Skim 11 | . 4 . . . 4 . 3 . . . . . . . . . Fabricators . | . . . . . . . . . . . . . . . . . Repair Stations . | . . . . . . . . . . . . . . . . . Recycling Units 7 | . 1 . . . . . 6 . . . . . . . . . Tunnel 7 | . 1 . . . . . 6 . . . . . . . . . Scanalyzers . | . . . . . . . . . . . . . . . . . Garrison Access . | . . . . . . . . . . . . . . . . . Data Cores Recovered 2 | . 1 . . . . . . . 1 . . . . . . . Used 1 | . . . . . . . . . 1 . . . . . . . Hacking Detections 65 | . 5 . . . 6 3 7 . 11 6 1 . 12 7 . 7 Full Trace Events 10 | . . . . . . 1 . . 1 2 . . 3 1 . 2 Feedback Events . | . . . . . . . . . . . . . . . . . Feedback Blocked . | . . . . . . . . . . . . . . . . . Robot Schematics Acquired . | . . . . . . . . . . . . . . . . . Robots Built 4 | . . . . . . . . . 2 . . . . . . 2 Authchips . | . . . . . . . . . . . . . . . . . Time 219 | . . . . . . . . . 152 . . . . . . 67 Total Robot Build Rating 18 | . . . . . . . . . 10 . . . . . . 8 Part Schematics Acquired 14 | . . . . . 3 . . . . . . . . 6 . 5 Parts Built 2 | . . . . . . . . . . . . . . 2 . . Authchips . | . . . . . . . . . . . . . . . . . Time 58 | . . . . . . . . . . . . . . 58 . . Total Part Build Rating 14 | . . . . . . . . . . . . . . 14 . . Parts Repaired 2 | . . . . . . . . . . . . . . 1 . 1 Time 110 | . . . . . . . . . . . . . . 54 . 56 Parts Recycled . | . . . . . . . . . . . . . . . . . Recycled Matter . | . . . . . . . . . . . . . . . . . Retrieved Matter . | . . . . . . . . . . . . . . . . . Retrieved Components . | . . . . . . . . . . . . . . . . . Parts Scanalyzed 7 | . . . . . 3 . . . . . . . . 1 . 3 Part Schematics Acquired 6 | . . . . . 3 . . . . . . . . . . 3 Parts Damaged . | . . . . . . . . . . . . . . . . . Bothacking | -11 -10 -10 -10 -9 -8 -8 -8 -8 -6 -6 -6 -6 -6 -5 -5 -5 ------------ Run | Yrd Mat Min Exi Min Mat Sto Rec Scr Fac Ext Cet Arc Hub Fac Was Fac Used RIF Installer . | . . . . . . . . . . . . . . . . . Robots Hacked 1 | . . . . . . . . 1 . . . . . . . . Non-combat . | . . . . . . . . . . . . . . . . . Combat 1 | . . . . . . . . 1 . . . . . . . . Robot Hacks Applied 1 | . . . . . . . . 1 . . . . . . . . parse_system 1 | . . . . . . . . 1 . . . . . . . . Relay Couplers Released 3 | . . . . . . . . . . . . . 2 . . 1 Machine Destruction 3 | . . . . . . . . . . . . . 2 . . 1 Fabnet Peak Effective % . | . . . . . . . . . . . . . . . . . Robots Rewired 6 | . . . . . . . . . . 6 . . . . . . Allies Hacked 1 | . . . . . . . . . . . . . . . . 1 Hacks Repelled . | . . . . . . . . . . . . . . . . . Allies | -11 -10 -10 -10 -9 -8 -8 -8 -8 -6 -6 -6 -6 -6 -5 -5 -5 -------- Run | Yrd Mat Min Exi Min Mat Sto Rec Scr Fac Ext Cet Arc Hub Fac Was Fac Total Allies 25 | . . . . 3 . . . 1 2 13 2 . 1 . . 3 Largest Group 11 | . . . . 3 3 1 . 1 3 11 3 1 1 . . 3 Highest-Rated Group 326 | . . . . 40 40 16 . 191 273 326 98 82 109 . . 93 Highest-Rated Ally 191 | . . . . 16 16 16 . 191 191 39 82 82 109 . . 37 Total Orders 4 | . . . . . . . . . 3 . . . . . . 1 STAY 2 | . . . . . . . . . 2 . . . . . . . FOLLOW 1 | . . . . . . . . . 1 . . . . . . . EXPLORE 1 | . . . . . . . . . . . . . . . . 1 Ally Attacks 331 | . . . . 5 23 3 . 79 12 133 17 9 19 . . 31 Total Damage 10184 | . . . . 21 239 14 . 4912 584 2408 614 331 215 . . 846 Kills 66 | . . . . 1 4 . . 32 5 15 3 1 1 . . 4 Allies Corrupted 2 | . . . . . . . . . 2 . . . . . . . Allies Melted . | . . . . . . . . . . . . . . . . . Field Lobotomies 4 | . . . . . . . . 1 . . 2 . 1 . . . Intel | -11 -10 -10 -10 -9 -8 -8 -8 -8 -6 -6 -6 -6 -6 -5 -5 -5 ------- Run | Yrd Mat Min Exi Min Mat Sto Rec Scr Fac Ext Cet Arc Hub Fac Was Fac Robot Analysis Total 7 | . 1 . . . . . 4 . 1 . . . 1 . . . Derelict Logs Recovered 3 | . . 2 . 1 . . . . . . . . . . . . Drone Launches 2 | . . . . . . . . . . . . . . . . 2 Drone Recoveries . | . . . . . . . . . . . . . . . . . Exploration | -11 -10 -10 -10 -9 -8 -8 -8 -8 -6 -6 -6 -6 -6 -5 -5 -5 ------------- Run | Yrd Mat Min Exi Min Mat Sto Rec Scr Fac Ext Cet Arc Hub Fac Was Fac Turns Passed 23099 | 128 2052 1137 509 634 758 597 1826 3141 2767 2172 579 330 1787 2256 216 2210 Spaces Moved 10885 | 63 1050 602 309 378 363 183 748 1335 1448 1137 252 155 836 943 173 910 Core 12 | 5 . . . . . . . . 2 . . . . . 1 4 Treads 10728 | 58 1050 602 309 378 363 183 748 1335 1430 1137 252 155 836 943 56 893 Legs . | . . . . . . . . . . . . . . . . . Wheels 16 | . . . . . . . . . 16 . . . . . . . Hover 1 | . . . . . . . . . . . . . . . 1 . Flight 128 | . . . . . . . . . . . . . . . 115 13 Fastest Speed 40 | 50 160 160 160 160 160 240 240 160 150 160 160 160 160 160 40 50 Average Speed 175 | 151 160 160 160 160 180 240 240 216 167 160 195 160 160 160 100 158 Slowest Speed 1250 | 160 240 160 160 160 240 240 240 240 1250 240 320 160 240 160 240 160 Overloaded Moves . | . . . . . . . . . . . . . . . . . Propulsion Burnouts . | . . . . . . . . . . . . . . . . . Robots Hopped . | . . . . . . . . . . . . . . . . . Cave-ins Triggered . | . . . . . . . . . . . . . . . . . Exploration Rate (%) 65 | 6 93 98 68 77 33 36 99 61 45 98 81 89 78 27 80 42 Regions Visited 16 Branch Regions 10 Pre-discovered Areas 9 | . 1 1 1 . . . 6 . . . . . . . . . Known Exits Taken 5 | . . . . . 1 . . . 1 1 . 1 1 . . . Unknown Exits Taken 9 | 1 1 1 1 1 . 1 1 1 . . 1 . . . . . Scrap Searched 14 | . . 2 . 3 . . . 9 . . . . . . . . Spaces Dug 192 | . . . . . . . . . 2 . . . 173 6 . 11 Terrain Destroyed 641 | 2 11 2 . . 10 . . 25 8 . . 11 247 128 3 194 Melee 7 | . . . . . . . . . 2 . . . 3 2 . . Projectile 314 | . . 2 . . . . . 25 6 . . 11 76 81 3 110 AOE 320 | 2 11 . . . 10 . . . . . . . 168 45 . 84 Terrain Rammed . | . . . . . . . . . . . . . . . . . Walls Destroyed . | . . . . . . . . . . . . . . . . . Machines Disabled . | . . . . . . . . . . . . . . . . . Actions | -11 -10 -10 -10 -9 -8 -8 -8 -8 -6 -6 -6 -6 -6 -5 -5 -5 --------- Run | Yrd Mat Min Exi Min Mat Sto Rec Scr Fac Ext Cet Arc Hub Fac Was Fac Total 13761 | 80 1365 709 325 400 436 294 776 1521 1765 1398 319 206 1115 1458 199 1395 Wait 1468 | . 242 67 6 13 40 67 25 41 159 104 3 34 190 269 5 203 Move 10870 | 62 1049 601 308 377 362 182 747 1334 1447 1136 251 154 835 943 172 910 Hop . | . . . . . . . . . . . . . . . . . Pick Up 166 | 5 20 3 3 2 7 6 1 25 15 10 12 1 1 29 2 24 Fast Attach 112 | 7 6 . . 1 3 4 . 6 17 9 6 . 3 10 8 32 Attach 61 | . 2 1 . . 4 1 . 3 2 2 7 . 5 15 1 18 Detach 16 | . . . . . 1 . . . 1 . 4 . . 2 . 8 Swap 142 | . 3 5 3 . 1 2 . 15 10 24 8 2 9 33 1 26 Drop 182 | . 12 3 5 3 5 8 1 30 25 17 13 . 3 21 4 32 Fire 722 | 6 31 29 . 4 13 24 2 66 84 86 15 15 65 134 6 142 Melee 20 | . . . . . . . . 1 5 8 . . 4 2 . . Ram . | . . . . . . . . . . . . . . . . . Kick . | . . . . . . . . . . . . . . . . . Crush . | . . . . . . . . . . . . . . . . . Escape Stasis 2 | . . . . . . . . . . 2 . . . . . . Rewire . | . . . . . . . . . . . . . . . . . Trap . | . . . . . . . . . . . . . . . . . Miscellaneous . | . . . . . . . . . . . . . . . . . Route ------- -11/Scrapyard -10/Materials (discovered 4 exits: *Mat x3 / *Min) -10/Mines (discovered 4 exits: *Mat x2 / *Exi / [*Sub]) -10/Exiles -9/Mines (discovered 2 exits: *Mat x2) -8/Materials (discovered 2 exits: *Fac / *Sto) -8/Storage -8/Recycling (discovered 2 exits: *Fac / *Scr) -8/Scraptown -6/Factory (discovered 8 exits: Fac x4 / Low x2 / *Ext x2) -6/Extension (discovered 2 exits: *Fac / *Cet) -6/Cetus (discovered 2 exits: *Fac / *Arc) -6/Archives (discovered 3 exits: *Fac / *Hub x2) -6/Hub_04(d) (discovered 4 exits: *Fac x4) -5/Factory (discovered 2 exits: [*Fac x2]) -5/Waste -5/Factory (discovered 2 exits: [*Fac x2]) History --------- Turn | Location | Event 37 | -11/Scrapyard | Discovered new exit (range 15) 129 | -11/Scrapyard | Entered Materials 209 | -10/Materials | Discovered new exit (range 16) 317 | -10/Materials | Build established: Mutant 507 | -10/Materials | Discovered new exit (range 13) 656 | -10/Materials | Discovered new exit (range 6) 1387 | -10/Materials | Destroyed 8 combat bots 1506 | -10/Materials | Discovered new exit (range 16) 1529 | -10/Materials | Derelicts attacked the area 1989 | -10/Materials | Identified exit to Materials 2181 | -10/Materials | Entered Mines 2186 | -10/Mines | Discovered exit to Materials (range 7) 2237 | -10/Mines | Learned Materials security intel 2245 | -10/Mines | Found DCF Scrap (10 items) 2348 | -10/Mines | Met a Derelict shopkeep closing up shop 2456 | -10/Mines | Received a Rocket Launcher from a helpful Derelict 2500 | -10/Mines | Discovered exit to Materials (range 8) 2694 | -10/Mines | Discovered new exit (range 5) 2859 | -10/Mines | Learned Materials trap positions 2882 | -10/Mines | Excavation squad dispatched 2882 | -10/Mines | A large section of the Mines collapsed 3311 | -10/Mines | Deemed a non-threat by the Exiles lab entrance 3311 | -10/Mines | Discovered new exit (range 5) 3318 | -10/Mines | Entered Exiles 3357 | -10/Exiles | Met 8R-AWN 3386 | -10/Exiles | Met EX-HEX 3432 | -10/Exiles | Met EX-BIN 3454 | -10/Exiles | Aligned with FarCom system 3456 | -10/Exiles | Given EX-Vault access code 3493 | -10/Exiles | Opened EX-Vault 3509 | -10/Exiles | Found 0b10 Alert Chip 3519 | -10/Exiles | Found Field Lobotomy Kit 3529 | -10/Exiles | Found XL Autogun Array 3571 | -10/Exiles | Warned to stay clear of 0b10 Research branches 3686 | -10/Exiles | Met EX-DEC 3718 | -10/Exiles | Learned location of Zion (-7) 3766 | -10/Exiles | Discovered new exit (range 12) 3827 | -10/Exiles | Stole three prototypes: 0b10 Alert Chip, XL Autogun Array, Field Lobotomy Kit 3827 | -10/Exiles | Entered Mines 3829 | -9/Mines | Assisted by bots powering up and referring to "LRC-V3" 3913 | -9/Mines | Found a hidden stash of uninstalled traps 4006 | -9/Mines | Discovered new exit (range 9) 4376 | -9/Mines | Discovered new exit (range 10) 4461 | -9/Mines | Entered Materials 4461 | -8/Materials | Accompanied by 3 allies 4461 | -8/Materials | Evolved 4 slots: Propulsion x1, Utility x1, Weapon x2 4462 | -8/Materials | Identified exit to Factory 4463 | -8/Materials | Loaded intel: 17 trap records 4551 | -8/Materials | Identified exit to Storage 4772 | -8/Materials | Build established: Skirmisher 5127 | -8/Materials | Garrison activated, responded to threat 5219 | -8/Materials | Entered Storage 5219 | -8/Storage | Accompanied by 1 ally 5586 | -8/Storage | Garrison activated, responded to threat 5744 | -8/Storage | Used back door to open Recycling access 5744 | -8/Storage | Discovered new exit (range 5) 5816 | -8/Storage | Entered Recycling 6394 | -8/Recycling | Discovered new exit (range 16) 7033 | -8/Recycling | Scanned before Scraplab entrance 7604 | -8/Recycling | Entered Scraplab 7623 | -8/Recycling | Discovered new exit (range 3) 7642 | -8/Recycling | Entered Scraptown 7936 | -8/Scraptown | Build established: Tank 8413 | -8/Scraptown | Heard Great Nut preacher, LISTEN AND RECITE! 8435 | -8/Scraptown | Discovered new exit (range 6) 8569 | -8/Scraptown | Visited Symbiants 8632 | -8/Scraptown | Visited Assassins FH 8814 | -8/Scraptown | Visited Bundlers 8990 | -8/Scraptown | Visited IN-MT5's Study 9045 | -8/Scraptown | Visited Comm Corps 9220 | -8/Scraptown | Visited Junk Repository 9254 | -8/Scraptown | Visited CPS Storage 10160 | -8/Scraptown | Turned away by UFD registrar 10160 | -8/Scraptown | Turned away by UFD registrar 10206 | -8/Scraptown | Attacked by Scraptown defenders 10207 | -8/Scraptown | Assimilated Triborg with FLK Orb 10770 | -8/Scraptown | Found Scrap Suit 10783 | -8/Scraptown | Destroyed 9 combat bots 10783 | -8/Scraptown | Entered Factory 10783 | -6/Factory | Accompanied by 1 ally (Triborg) 10783 | -6/Factory | Evolved 4 slots: Propulsion x1, Utility x3 10785 | -6/Factory | FarCom data flow suspended 10924 | -6/Factory | Build established: Scavenger-Tank 10968 | -6/Factory | Fabricated H-66 Slayer? 12029 | -6/Factory | Identified exit to Factory 12029 | -6/Factory | Identified exit to Lower Caves 12029 | -6/Factory | Identified exit to Extension 12164 | -6/Factory | Build established: Scavenger-Gunner 13150 | -6/Factory | Garrison activated, responded to threat 13318 | -6/Factory | Garrison activated, responded to threat 13550 | -6/Factory | Entered Extension 13581 | -6/Extension | Disrupted transfer network 13648 | -6/Extension | Rescued a captive Derelict 13767 | -6/Extension | Rescued a captive Derelict 13791 | -6/Extension | Rescued a captive Derelict 13792 | -6/Extension | Rescued a captive Derelict 14284 | -6/Extension | Spotted B-75 Beast 14304 | -6/Extension | Allies destroyed B-75 Beast 14323 | -6/Extension | Spotted B-75 Beast 14338 | -6/Extension | Allies destroyed B-75 Beast 14701 | -6/Extension | Rescued a captive Derelict 14702 | -6/Extension | Rescued a captive Derelict 14860 | -6/Extension | Rescued a captive Derelict 14861 | -6/Extension | Rescued a captive Derelict 14921 | -6/Extension | Lost 4 allies 14950 | -6/Extension | First assault squad dispatched 15142 | -6/Extension | Discovered exit to Factory (range 10) 15143 | -6/Extension | Discovered new exit (range 6) 15450 | -6/Extension | Identified exit to Cetus 15722 | -6/Extension | Entered Cetus 15722 | -6/Cetus | Accompanied by 3 allies 15744 | -6/Cetus | Spotted Cetus Guard 15744 | -6/Cetus | Spotted Cetus Guard 15746 | -6/Cetus | Spotted Cetus Guard 15746 | -6/Cetus | Spotted Cetus Guard 15750 | -6/Cetus | Core integrity fell below 50% 15760 | -6/Cetus | Destroyed Cetus Guard 15769 | -6/Cetus | Destroyed Cetus Guard 15774 | -6/Cetus | Destroyed Cetus Guard 15780 | -6/Cetus | Destroyed Cetus Guard 15790 | -6/Cetus | Lost 3 allies 15809 | -6/Cetus | Lost 5 parts (3n2w) 16082 | -6/Cetus | Discovered new exit (range 15) 16125 | -6/Cetus | Spotted Cetus Guard 16125 | -6/Cetus | Spotted Cetus Guard 16127 | -6/Cetus | Assimilated Cetus Guard with FLK Orb 16130 | -6/Cetus | Assimilated Cetus Guard with FLK Orb 16140 | -6/Cetus | Spotted Cetus Guard 16142 | -6/Cetus | Allies destroyed Cetus Guard 16144 | -6/Cetus | Discovered exit to Factory (range 15) 16152 | -6/Cetus | Met Revision 17 16301 | -6/Cetus | Entered Archives 16301 | -6/Archives | Accompanied by 1 ally 16405 | -6/Archives | Unable to access archive contents 16423 | -6/Archives | Discovered new exit (range 15) 16434 | -6/Archives | Discovered new exit (range 14) 16461 | -6/Archives | Identified exit to Hub_04(d) 16546 | -6/Archives | Unable to access archive contents 16548 | -6/Archives | Discovered exit to Factory (range 16) 16631 | -6/Archives | Entered Hub_04(d) 16631 | -6/Hub_04(d) | Accompanied by 1 ally 16631 | -6/Hub_04(d) | Discovered exit to Factory (range 10) 16657 | -6/Hub_04(d) | Discovered exit to Factory (range 7) 16737 | -6/Hub_04(d) | Garrison activated, responded to threat 16853 | -6/Hub_04(d) | Destroyed 8 combat bots 17303 | -6/Hub_04(d) | Discovered exit to Factory (range 15) 17331 | -6/Hub_04(d) | First assault squad dispatched 18203 | -6/Hub_04(d) | Disrupted transfer network 18219 | -6/Hub_04(d) | Network Hub disabled 18263 | -6/Hub_04(d) | Spotted Lightning 18263 | -6/Hub_04(d) | Spotted Lightning 18263 | -6/Hub_04(d) | Spotted Lightning 18263 | -6/Hub_04(d) | Spotted Lightning 18266 | -6/Hub_04(d) | Core integrity fell below 20% 18266 | -6/Hub_04(d) | Spotted Lightning 18271 | -6/Hub_04(d) | Assimilated Lightning with FLK Orb 18332 | -6/Hub_04(d) | Central database locked down 18345 | -6/Hub_04(d) | Discovered exit to Factory (range 14) 18391 | -6/Hub_04(d) | System corruption reached 10% 18418 | -6/Hub_04(d) | Entered Factory 18418 | -5/Factory | Evolved 2 slots: Utility x1, Weapon x1 18448 | -5/Factory | Lost 5 parts (1p1u3w) 18900 | -5/Factory | Fabricated Quantum Capacitor (x2) 19041 | -5/Factory | Repaired Centrium Medium Armor Plating? 19158 | -5/Factory | Garrison activated, responded to threat 19444 | -5/Factory | Discovered new exit (range 21) 19648 | -5/Factory | Build established: Scavenger-Skirmisher 20218 | -5/Factory | First assault squad dispatched 20388 | -5/Factory | Lost 4 parts (1n2u1w) 20567 | -5/Factory | Discovered new exit (range 15) 20572 | -5/Factory | Build established: Scavenger-Tank 20674 | -5/Factory | Sucked down chute 20674 | -5/Factory | Entered Waste 20729 | -5/Waste | Spotted C-40 Crusher 20735 | -5/Waste | Spotted C-40 Crusher 20740 | -5/Waste | Spotted C-40 Crusher 20741 | -5/Waste | Crushed by Compactor (1 part destroyed, 1 dropped) 20759 | -5/Waste | Crushed by Compactor (1 part destroyed, 2 dropped) 20763 | -5/Waste | Crushed by Compactor (1 part destroyed) 20770 | -5/Waste | Crushed by Compactor (1 part destroyed, 1 dropped) 20801 | -5/Waste | Lost 5 parts (1n1u3w) 20824 | -5/Waste | Spotted C-40 Crusher 20843 | -5/Waste | Spotted C-40 Crusher 20853 | -5/Waste | Discovered new exit (range 22) 20871 | -5/Waste | Spotted C-40 Crusher 20890 | -5/Waste | Entered Factory 20957 | -5/Factory | Repaired Nuclear Pulse Array 21002 | -5/Factory | Tech Extrapolator generated special schematic: Machine Rigger 21129 | -5/Factory | Discovered new exit (range 18) 21272 | -5/Factory | Build established: Hacker-Gunner 21557 | -5/Factory | Discovered new exit (range 16) 21748 | -5/Factory | Cargo convoy interrupted 21905 | -5/Factory | Destroyed 9 combat bots 22036 | -5/Factory | Found PL-3XN's Ring of Power 22053 | -5/Factory | Found Prototype Device 22053 | -5/Factory | Identified Exp. Force Field 22090 | -5/Factory | First assault squad dispatched 22560 | -5/Factory | Build established: Gunner 22760 | -5/Factory | High security lockdown imminent 22777 | -5/Factory | Fabricated P-60 Hacker? 22781 | -5/Factory | Destroyed 7 combat bots 22783 | -5/Factory | Spotted B-75 Beast 22822 | -5/Factory | Core integrity fell below 50% 22825 | -5/Factory | Garrison activated, responded to threat 22829 | -5/Factory | Destroyed B-75 Beast 22832 | -5/Factory | Hacker 6a assimilated hostile G-50 Soldier 22840 | -5/Factory | High security lockdown engaged 22922 | -5/Factory | System corruption reached 10% 22941 | -5/Factory | Lost 3 allies 23071 | -5/Factory | Destroyed 15 combat bots 23075 | -5/Factory | Lost 3 parts (1u2w) 23098 | -5/Factory | Released all parts (8) 23099 | -5/Factory | Core integrity fell below 20% 23100 | -5/Factory | Destroyed by G-50 Soldier with Heavy Laser Last Messages --------------- 23095_ G-50 Soldier unfolds itself. 23095_ E-15 Imp unfolds itself. 23096_ Com. Mass Driver severed. 23097_ J, RER<=CNHSWRZVAD V1BLM3:T06XD 23097_ The unstable cave ceiling collapses. 23097_ C-30 ARC bursts open, deploying its payload. 23097_ P-70 Sage unfolds itself. 23097_ M-28 Smith unfolds itself. 23098_ Released Adv. Heat Sink. 23098_ Released Imp. KE Penetrator. 23098_ Released Lrg. Storage Unit. 23098_ Released Imp. Signal Interpreter. 23098_ Released Core Analyzer. 23098_ Released Enh. Optical Array. 23098_ Released Imp. KE Penetrator. 23098_ Released Imp. Hardlight Generator. 23098_ Power Conduit explodes. 23098_ E-15 Imp destroyed. 23100_ Critical hit (Burn: +37). [Achievement: Punisher] Map ----- +----------------------------------------------------+ | ??????????# ! ##???????????? | | ????####### # ##??????????? | | ????# ###????????? | | ????# #????????? | | ????# ## ##???????? | | ????# # #???????? | | ????# ## " #???????? | | ????# #! ###??????? | | ????# ## #??????? | | ????# # # ######### | | ????# # | | ##### # # # | | !## # # | | ! ## #] / % # # | | ## ### % # # | | * !##?? # | | ######+## igg | | !#==* | | "=%% %^ g | | "["*[= ^ g % | | !"#%% % " gp %* ] | | ###[ * %=^ %g ! ]! | | # ###%##; g | [! | | # # # p l!/! | | ""?# # """ # p%% #! !! # | | ""?# #??""?+ %"% ==[ @# ] # | | ""?# #?????# """ == # / # | | "" # #?????# =[ ######### | | # =!#?????# #???????? | | "" + ! #?????+ #???????? | | "" # =#?????#######;# #???????? | | "" # #???????????### +???????? | | ""?# #?????????????# #???????? | | ?# #??############ #???????? | | #### #?## ^^ #???????? | | " ###" ^ #???????? | | " #" ^^ #???????? | | *% #???????? | | * * #???????? | | !%! #???????? | | * !!= = #???????? | | % = ! ####???????? | | * % #??????????? | | ##?????????? | | "########### | | " * # | | = = #"" # | | ] #"F # | | = #""" # | | #""" # | +----------------------------------------------------+ Best States ------------- Heat Dissipation 75 Energy Generation 25 Energy Capacity 350 Matter Stores 300 Matter Capacity 300 Sight Range 22 Terrain Scan Range 20 Terrain Scan Density 10 Armor Coverage 1200 Resistance: EM 25 Weapon Cycling 20 Evasion (%) 62 Targeting Accuracy 6 Target Analysis 6 Core Analysis 6 Armor Integrity Analysis 30 Recoil Reduction 4 Kinecelleration 40 Offensive Hacking 24 Item Schematics ----------------- Structural Scanner | -8/Materials | Scanalyzed Signal Interpreter | -8/Materials | Scanalyzed Hrd. Medium Armor Plating | -8/Materials | Scanalyzed Mak. System Restoration Module | -5/Factory | Extrapolated Mak. Heavy Armor Plating | -5/Factory | Extrapolated Mak. Hacking Suite | -5/Factory | Extrapolated Mak. Coolant Network | -5/Factory | Extrapolated Mak. Targeting Computer | -5/Factory | Extrapolated Mak. Terrain Scanner | -5/Factory | Extrapolated 0b10 Decoder Chip [Skirmisher] | -5/Factory | Extrapolated Machine Rigger | -5/Factory | Extrapolated Exp. Force Field | -5/Factory | Scanalyzed Imp. Signal Interpreter | -5/Factory | Scanalyzed Lrn. Tractor Beam | -5/Factory | Scanalyzed Robot Schematics ------------------ None Fabricated ------------ H-66 Slayer | x2 | -6/Factory | Preloaded Quantum Capacitor | x2 | -5/Factory | Preloaded P-60 Hacker | x2 | -5/Factory | Preloaded Alien Tech Used ----------------- None Achievements -------------- Punisher Challenges ------------ None Game ------ Seed TeleporterNullGreatsword Manual? 0 Play Time 04:52:17 Cumulative 57.3 hours Start 2024.09.03 @ 20:36:04 End 2024.09.04 @ 12:36:20 Sessions 3 Manual Loads 0 Difficulty Rogue Special Mode None Game No. 34 Rogue 34 Adventurer 0 Explorer 0 Win Type - Total 0 Types 0/0/0/0/0/0/0/0/0 Lore% 37 Gallery% 51 Achievement% 43 Wizard Run 0 Options --------- Layout 0 ASCII 0 Keyboard 0 Movement Mouse Keybinds 0 Fullscreen 1 Font 24/Smallcaps Map View 183x50 Zoom Use 0% Tactical HUD 1 Map Filters NONE Filters NONE Steam 0 RUN: 3715f167-53ba-48cd-a38a-ff48b972e66b